 Dungeon Crawl Stone Soup version 0.22-a0-456-g11ed031 (webtiles) character file.

62183 Gildeon the Basher (level 15, -4/93 HPs)
             Began as a Gargoyle Fighter on May 29, 2018.
             Was the Champion of Qazlal.
             Slain by an orc knight
             ... wielding a +0 battleaxe
              (23 damage)
             ... on level 2 of the Orcish Mines on June 6, 2018.
             The game lasted 01:35:40 (18351 turns).

Gildeon the Basher (Gargoyle Fighter)              Turns: 18351, Time: 01:35:42

Health: -4/93      AC: 16    Str: 24      XL:     15   Next: 5%
Magic:  23/23      EV:  9    Int:  7 (10) God:    Qazlal [******]
Gold:   2017       SH: 19    Dex: 16      Spells: 2/24 levels left

rFire    . . .     SeeInvis +   a - +8 flail
rCold    . . .     Gourm    .   c - +0 shield
rNeg     + + .     Faith    +   s - +1 plate armour {rPois}
rPois    ∞         Spirit   .   m - +2 helmet
rElec    +         Reflect  .   v - +2 cloak
rCorr    .         Harm     .   (no gloves)
MR       +....                  k - +2 pair of boots
Stlth    ..........             e - amulet of faith
HPRegen  0.25/turn              l - ring of positive energy
MPRegen  0.18/turn              A - +4 ring of dexterity

@: protected from physical damage, corroded, repel missiles
A: big wings, see invisible, negative energy resistance 1, shaggy fur 1,
electricity resistance, strong 1, unbreathing, petrification resistance, rot
immunity, AC +11
a: Fly, Upheaval, Elemental Force, Disaster Area, Renounce Religion


You were on level 2 of the Orcish Mines.
You worshipped Qazlal.
Qazlal was exalted by your worship.
You were not hungry.

You visited 4 branches of the dungeon, and saw 21 of its levels.

You collected 2017 gold pieces.

Inventory:

Hand Weapons
 a - a +8 flail (weapon)
 p - a +6 scimitar
 t - a +0 mace of holy wrath
 w - a +3 war axe
Armour
 b - the +3 crown of Dyrovepreva {rElec Int+2 SInv}
   (You found it on level 4 of the Dungeon)

   It affects your intelligence (+2).
   It insulates you from electricity.
   It lets you see invisible.
 c - a +0 shield (worn)
 k - a +2 pair of boots (worn)
 m - a +2 helmet (worn)
 q - the +3 hat of Pondering {ponderous, MR+ MP+10 Int+5}
   (You took it off Gastronok on level 11 of the Dungeon)

   It affects your intelligence (+5).
   It affects your resistance to hostile enchantments.
   It affects your magic capacity (+10).
 s - a +1 plate armour of poison resistance (worn)
 v - a +2 cloak (worn)
 y - a +1 chain mail of fire resistance
 B - a +2 plate armour
Jewellery
 e - an amulet of faith (around neck)
 i - an uncursed ring of protection from fire
 l - a ring of positive energy (left hand)
 x - an uncursed ring of see invisible {unknown}
 A - a +4 ring of dexterity (right hand)
Scrolls
 g - 5 scrolls of teleportation
 h - 5 scrolls of blinking
 j - 7 scrolls of remove curse
Potions
 n - 2 potions of invisibility
 r - 3 potions of curing
Comestibles
 f - 34 rations


   Skills:
 - Level 10.8 Fighting
 - Level 14.1 Maces & Flails
 + Level 9.1 Armour
 - Level 6.2 Dodging
 - Level 5.0 Shields
 - Level 5.3 Spellcasting
 - Level 5.0 Conjurations
 - Level 6.2 Hexes
 - Level 5.0 Transmutations
 - Level 5.0 Fire Magic
 - Level 5.2 Ice Magic
 - Level 5.2 Earth Magic
 - Level 5.0 Invocations
   Level 5.1 Evocations


You had 2 spell levels left.
You knew the following spells:

 Your Spells              Type           Power        Failure   Level  Hunger
a - Ice Form              Ice/Tmut       #.......     100%        4    #####..
b - Passwall              Tmut/Erth      #.......     91%         2    ###....
c - Conjure Flame         Conj/Fire      #.......     99%         3    ###....
d - Fireball              Conj/Fire      #.........   100%        5    ######.
e - Iron Shot             Conj/Erth      #.........   100%        6    #######
f - Ensorcelled Hibernat  Hex/Ice        #.....       86%         2    ###....

Your spell library contained the following spells:

 Spells                   Type           Power        Failure   Level  Hunger
 Magic Dart               Conj           #...         82%         1    #......
 Confuse                  Hex            ##......     95%         3    ###....
 Tukima's Dance           Hex            ##......     95%         3    ###....
 Spider Form              Tmut/Pois      #.........   100%        3    ###....
 Blade Hands              Tmut           #.........   100%        5    ######.
 Sticks to Snakes         Tmut           #.......     92%         2    ###....
 Corona                   Hex            ##.....      65%         1    #......
 Beastly Appendage        Tmut           #.....       83%         1    #......
 Dazzling Spray           Conj/Hex       #.....       98%         3    ###....
 Searing Ray              Conj           #.....       91%         2    ###....


Dungeon Overview and Level Annotations

Branches:
Dungeon (12/15)            Temple (1/1) D:6            Lair (6/6) D:8
 Shoals (0/4) Lair:4       Spider (0/4) Lair:4        Slime (0/5) Lair:6
    Orc (2/2) D:11            Elf (0/3) Orc:2

Altars:
Cheibriados
Elyvilon
Gozag
Hepliaklqana
Kikubaaqudgha
Makhleb
Nemelex Xobeh
Qazlal
Ru
Sif Muna
Zin
Beogh
Jiyva

Shops:
D:8 =   Orc:1 *   Orc:2 %([[(


Innate Abilities, Weirdness & Mutations

You are resistant to torment.
Your stone body is resilient. (AC +11)
You are immune to poison.
Your large and strong wings let you fly indefinitely.
You resist negative energy. (rN+)
You are resistant to electric shocks. (rElec)
You can survive without breathing.
You are immune to petrification.
You are immune to rotting.
You have supernaturally acute eyesight. (SInv)
You are covered in fur. (AC +1)
Your muscles are strong. (Str +2)


Message History

You hit the orc knight but do no damage.
The orc knight is lightly wounded.
The orc knight hits you with a battleaxe!!
You feel more protected from physical attacks.
You bludgeon the orc knight!!
The orc knight is heavily wounded.
You hit the orc knight but do no damage.
The orc knight is heavily wounded.
The orc knight hits you with a battleaxe!
* * * LOW HITPOINT WARNING * * *
You feel more protected from physical attacks.
You hit the orc knight.
The orc knight is heavily wounded.
You block the orc knight's attack.
You hit the orc knight but do no damage.
The orc knight is heavily wounded.
You closely miss the orc knight.
The orc knight is heavily wounded.
The orc knight hits you with a battleaxe!!
You die...

####### # ###.....## #
##∩.......### ####
##...........# ##.##
#∩.....).....## ### #...#
#∩.....§......## ##.####..#
##......(.§)...# #...##....
##∩.....)o#)..####.#.....#
###...§.@##...###.......#
####..###)).##.......##
#####)...###......##
#######.....###.........
#.#...(.)).).####.........
#............###.........#.
##........(###.............
#.......)###..............
##.#......................


You could see an orc knight.

Vanquished Creatures
  Gastronok (D:11)
  An orc warlord (D:11)
  Harold (Lair:1)
  3 hydras
  3 catoblepae (Lair:6)
  A tengu warrior (D:9)
  4 two-headed ogres
  Urug (D:11)
  3 death yaks (Lair:6)
  4 orc high priests
  A sixfirhy (D:9)
  An unseen horror (D:11)
  A lindwurm (Lair:6)
  5 orc knights
  An ugly thing (D:11)
  A wolf spider (Lair:4)
  3 orc sorcerers
  A cyclops (D:11)
  2 manticores (Lair:6)
  3 black mambas
  17 elephants
  Maurice (D:9)
  2 centaur zombies (D:11)
  A torpor snail (Lair:5)
  Psyche (D:9)
  10 spiny frogs
  A centaur skeleton (D:10)
  2 rime drakes
  9 komodo dragons
  A jumping spider (Lair:4)
  7 polar bears
  A queen bee (D:8)
  2 trolls (Orc:1)
  8 blink frogs
  10 dream sheep
  A snapping turtle (Lair:4)
  6 hippogriffs
  A spriggan (D:7)
  2 redbacks (Lair:4)
  A shadow (D:11)
  2 wyverns (D:8)
  36 yaks
  A hungry ghost (D:11)
  Grum (D:8)
  Menkaure (D:6)
  A steam dragon (Lair:5)
  A soldier ant (D:11)
  6 porcupines
  3 wargs
  7 water moccasins
  23 orc warriors
  2 sky beasts
  5 ice beasts
  4 black bears
  16 ogres
  2 phantoms
  4 centaurs
  3 wolves (D:8)
  10 crocodiles
  9 bullfrogs
  A water moccasin zombie (D:8)
  A wyvern skeleton (D:10)
  7 scorpions
  25 killer bees
  2 howler monkeys (D:7)
  4 wights (D:8)
  6 crimson imps
  6 jellies
  5 hounds
  23 orc wizards
  A bullfrog skeleton (D:9)
  15 orc priests
  5 iguanas
  9 worker ants
  Natasha (thrice) (D:2)
  Terence (D:2)
  A hound skeleton (D:5)
  A howler monkey zombie (D:5)
  A worker ant zombie (D:11)
  4 gnolls (D:3)
  14 adders
  2 shadow imps
  3 oozes
  2 adder skeletons
  2 worms
  A dart slug (D:2)
  3 leopard geckos
  77 orcs
  3 ball pythons
  4 bats
  8 giant cockroaches
  6 goblins
  5 hobgoblins
  8 jackals
  11 quokkas
  4 frilled lizards
  A jackal zombie (D:6)
  5 kobolds
  A quokka skeleton (D:7)
  10 rats
  3 plants
556 creatures vanquished.

Vanquished Creatures (others)
  An orc sorcerer (Orc:2)
  An orc priest (Orc:2)
  An orc wizard (Orc:2)
  3 orcs (Orc:2)
  A bush (Lair:6)
  7 fungi
  6 plants
20 creatures vanquished.

Grand Total: 576 creatures vanquished

Notes
Turn   | Place    | Note
-------+----------+-------------------------------------------
     0 | D:1      | Gildeon the Gargoyle Fighter began the quest for the Orb.
     0 | D:1      | Reached XP level 1. HP: 14/14 MP: 1/1
   210 | D:1      | Reached XP level 2. HP: 19/19 MP: 2/2
   680 | D:2      | Reached skill level 3 in Maces & Flails
   895 | D:2      | Noticed Terence
   899 | D:2      | Killed Terence
   899 | D:2      | Reached XP level 3. HP: 23/23 MP: 3/3
   905 | D:2      | Reached skill level 4 in Maces & Flails
   938 | D:2      | Reached XP level 4. HP: 28/28 MP: 4/4
  1151 | D:2      | Noticed Natasha
  1167 | D:2      | Killed Natasha
  1167 | D:2      | Reached skill level 5 in Maces & Flails
  1298 | D:2      | Reached XP level 5. HP: 32/32 MP: 5/5
  1371 | D:2      | Noticed Natasha
  1375 | D:2      | Found a snail-covered altar of Cheibriados.
  1384 | D:2      | Killed Natasha
  1466 | D:2      | Noticed Natasha
  1483 | D:2      | Killed Natasha
  2136 | D:3      | Reached XP level 6. HP: 36/40 MP: 6/6
  2175 | D:3      | Reached skill level 5 in Fighting
  2695 | D:4      | Reached skill level 6 in Maces & Flails
  2864 | D:4      | Reached XP level 7. HP: 41/44 MP: 7/7
  2945 | D:4      | Found the +3 crown of Dyrovepreva {rElec Int+2 SInv}
  3262 | D:5      | Entered Level 5 of the Dungeon
  3356 | D:5      | Reached skill level 7 in Maces & Flails
  3574 | D:5      | Gained mutation: Your magical capacity is low. (-10% MP) [potion of mutation]
  3574 | D:5      | Gained mutation: Your magical capacity is very low. (-20% MP) [potion of mutation]
  3574 | D:5      | Gained mutation: You have a pair of small antennae on your head. [potion of mutation]
  3574 | D:5      | Gained mutation: You have sharp toenails. [potion of mutation]
  3759 | D:6      | Got a crystal whip
  3800 | D:6      | Noticed Menkaure
  3811 | D:6      | Killed Menkaure
  3811 | D:6      | Reached skill level 8 in Maces & Flails
  3811 | D:6      | Reached XP level 8. HP: 32/49 MP: 6/6
  3812 | D:6      | Found a staircase to the Ecumenical Temple.
  3836 | Temple   | Entered the Ecumenical Temple
  3896 | Temple   | Became a worshipper of Qazlal Stormbringer
  4142 | D:6      | Reached skill level 9 in Maces & Flails
  4785 | D:7      | Reached skill level 10 in Maces & Flails
  4793 | D:7      | Reached * piety under Qazlal
  4910 | D:7      | Reached skill level 5 in Armour
  4910 | D:7      | Reached XP level 9. HP: 54/54 MP: 7/7
  4928 | D:7      | Reached skill level 1 in Dodging
  5072 | D:7      | Found a burning altar of Makhleb.
  5085 | D:7      | Found a sacrificial altar of Ru.
  5402 | D:7      | Reached ** piety under Qazlal
  5584 | D:7      | Noticed a two-headed ogre
  5596 | D:7      | Killed a two-headed ogre
  6031 | D:8      | Found Nieqoq's Jewellery Shoppe.
  6084 | D:8      | Reached skill level 5 in Shields
  6084 | D:8      | Reached XP level 10. HP: 43/59 MP: 8/8
  6454 | D:8      | Upgraded the game from 0.22-a0-439-gac93bac to 0.22-a0-441-gcf5b0c6
  6493 | D:8      | Noticed Grum
  6503 | D:8      | Reached *** piety under Qazlal
  6503 | D:8      | Reached skill level 11 in Maces & Flails
  6528 | D:8      | Killed Grum
  6911 | D:8      | Found a staircase to the Lair.
  6954 | D:8      | Noticed a two-headed ogre
  6970 | D:8      | Killed a two-headed ogre
  6970 | D:8      | Reached skill level 12 in Maces & Flails
  7522 | Lair:1   | Entered Level 1 of the Lair of Beasts
  7628 | Lair:1   | Reached XP level 11. HP: 40/63 MP: 8/8
  7633 | Lair:1   | Reached **** piety under Qazlal
  7639 | Lair:1   | Reached skill level 13 in Maces & Flails
  7947 | Lair:1   | Noticed Harold
  7974 | Lair:1   | Killed Harold
  8225 | Lair:1   | Reached skill level 14 in Maces & Flails
  8686 | Lair:2   | Reached skill level 1 in Spellcasting
  8717 | Lair:2   | Noticed a five-headed hydra
  8738 | Lair:2   | Killed a five-headed hydra
  9132 | Lair:2   | Reached skill level 5 in Spellcasting
  9285 | Lair:2   | Learned a level 4 spell: Ice Form
  9738 | Lair:3   | You fall through a shaft!
  9755 | Lair:4   | Reached XP level 12. HP: 61/68 MP: 16/16
  9755 | Lair:4   | Reached skill level 5 in Invocations
  9811 | Lair:4   | Reached skill level 1 in Evocations
 10562 | Lair:4   | Reached skill level 5 in Evocations
 10713 | Lair:4   | Reached skill level 1 in Ice Magic
 10740 | Lair:4   | Reached ***** piety under Qazlal
 11058 | Lair:4   | Found a staircase to the Shoals.
 11105 | Lair:4   | Found a hole to the Spider Nest.
 11277 | Lair:5   | Reached skill level 5 in Ice Magic
 11287 | Lair:5   | Reached skill level 1 in Transmutations
 11400 | Lair:5   | Identified the Collected Works on Excruciating Earth
 11406 | Lair:5   | Learned a level 2 spell: Passwall
 11410 | Lair:5   | Learned a level 3 spell: Conjure Flame
 11416 | Lair:5   | Learned a level 5 spell: Fireball
 11423 | Lair:5   | Learned a level 6 spell: Iron Shot
 11431 | Lair:5   | Reached skill level 1 in Earth Magic
 11563 | Lair:5   | Lost mutation: You have sharp toenails. [potion of mutation]
 11563 | Lair:5   | Lost mutation: You have a pair of small antennae on your head. [potion of mutation]
 11563 | Lair:5   | Lost mutation: Your magical capacity is very low. (-20% MP) [potion of mutation]
 11563 | Lair:5   | Lost mutation: Your magical capacity is low. (-10% MP) [potion of mutation]
 11563 | Lair:5   | Gained mutation: You have supernaturally acute eyesight. (SInv) [potion of mutation]
 11563 | Lair:5   | Gained mutation: Your magical capacity is low. (-10% MP) [potion of mutation]
 11563 | Lair:5   | Gained mutation: You expend magic power (3 MP) to strengthen your wands. [potion of mutation]
 11631 | Lair:5   | Reached XP level 13. HP: 67/72 MP: 18/18
 11648 | Lair:5   | Learned a level 2 spell: Ensorcelled Hibernation
 12176 | Lair:6   | Entered Level 6 of the Lair of Beasts
 12189 | Lair:6   | Reached skill level 5 in Earth Magic
 12201 | Lair:6   | Reached skill level 1 in Fire Magic
 12340 | Lair:6   | Reached skill level 5 in Fire Magic
 12371 | Lair:6   | HP: 3/72 [lindwurm/blast of flame (8)]
 12449 | Lair:6   | Reached skill level 5 in Transmutations
 12460 | Lair:6   | Reached skill level 1 in Conjurations
 12538 | Lair:6   | Reached skill level 5 in Conjurations
 12727 | Lair:6   | Reached skill level 1 in Hexes
 12740 | Lair:6   | Found a runed door.
 12742 | Lair:6   | Found a viscous altar of Jiyva.
 12744 | Lair:6   | Found a staircase to the Slime Pits.
 12927 | Lair:6   | Reached ****** piety under Qazlal
 13051 | Lair:6   | Found a hazy altar of Hepliaklqana.
 13362 | Lair:6   | Reached skill level 5 in Hexes
 13412 | Lair:6   | Gained mutation: Your large and strong wings let you fly indefinitely. [Gargoyle growth]
 13412 | Lair:6   | Reached XP level 14. HP: 28/78 MP: 19/19
 14111 | D:9      | Noticed Maurice
 14120 | D:9      | Noticed Psyche
 14122 | D:9      | Killed Maurice
 14139 | D:9      | Killed Psyche
 14245 | D:9      | Upgraded the game from 0.22-a0-441-gcf5b0c6 to 0.22-a0-448-g1fb7470
 14266 | D:9      | Lost mutation: Your magical capacity is low. (-10% MP) [potion of mutation]
 14266 | D:9      | Lost mutation: You expend magic power (3 MP) to strengthen your wands. [potion of mutation]
 14266 | D:9      | Gained mutation: You are covered in fur. (AC +1) [potion of mutation]
 14266 | D:9      | Gained mutation: Your muscles are strong. (Str +2) [potion of mutation]
 14435 | D:9      | Found a runed door.
 14649 | D:10     | Entered Level 10 of the Dungeon
 15248 | D:10     | Found a roughly hewn altar of Beogh.
 15430 | D:11     | Found a staircase to the Orcish Mines.
 15565 | D:11     | Found a sparkling altar of Nemelex Xobeh.
 15635 | D:11     | Noticed Gastronok
 15651 | D:11     | Killed Gastronok
 15651 | D:11     | Reached skill level 10 in Fighting
 15872 | D:11     | Noticed Urug
 15883 | D:11     | Killed Urug
 16145 | Orc:1    | Entered Level 1 of the Orcish Mines
 16153 | Orc:1    | Noticed an orc warlord
 16276 | D:11     | Killed an orc warlord
 16493 | Orc:1    | Found Caleysm's General Store.
 16630 | Orc:1    | Upgraded the game from 0.22-a0-448-g1fb7470 to 0.22-a0-456-g11ed031
 16670 | Orc:2    | Entered Level 2 of the Orcish Mines
 16670 | Orc:2    | Found a staircase to the Elven Halls.
 17208 | Orc:2    | Found Kilisy Tiddo's Antique Armour Emporium.
 17208 | Orc:2    | Found Anti's Antique Armour Boutique.
 17209 | Orc:2    | Found Seug Oty's Antique Weapon Emporium.
 17209 | Orc:2    | Found Ecuimef's Food Boutique.
 17220 | Orc:2    | Paralysed by an orc sorcerer for 6 turns
 17843 | Orc:2    | Found Xoucad's Weapon Shop.
 17984 | Orc:2    | Reached XP level 15. HP: 88/93 MP: 23/23
 18351 | Orc:2    | Slain by an orc knight

Vault maps used:
D:1:      lightli_arrival_flooded_house
D:2:      kennysheep_slug_shrine, uniq_terence, uniq_natasha
D:3:      first_ration
D:4:      minmay_misc_feat_enclosed
D:5:      minmay_holes, hangedman_glass_teeth
D:6:      minmay_temple_entry_junction, uniq_menkaure
D:7:      lightli_temple_of_fire, the_bakery, grunt_ministairs_15,
          nicolae_ru_the_path_less_chosen
D:8:      lair_entry_dummy, serial_shops, shop, uniq_grum
D:9:      cheibrodos_shockbox, uniq_psyche, uniq_maurice
D:10:     david_defended_altar_orc
D:11:     nemelex_altar_shiori, uniq_urug, uniq_gastronok
Temple:   roderic_octagonal_lattice_temple
Lair:1:   special_room, uniq_harold
Lair:3:   columned_hall_lemuel, beast_lair_carwin_8
Lair:4:   minmay_shoals_entry_hut, spider_nest_entry_funnel_web
Lair:6:   evilmike_catoblepas_cave, slime_altar_2, basic_altar,
          cheibrodos_lair_lostbears, serial_bayou_shore_b
Orc:1:    serial_shops, shop
Orc:2:    grunt_orc_tribal_feast, serial_shops, nicolae_shop_statue_plus

Skill      XL: |  1  2  3  4  5  6  7  8  9 10 11 12 13 14 15 |
---------------+----------------------------------------------+-----
Maces & Flails | 3 4 5 6 8 10 12 14 | 14.1
Fighting       | 4 5 10 | 10.8
Armour         | 5 8 9 |  9.1
Dodging        | 6 |  6.2
Shields        | 5 |  5.0
Spellcasting   | 5 |  5.3
Invocations    | 4 5 |  5.0
Evocations     | 5 |  5.1
Ice Magic      | 5 |  5.2
Transmutations | 4 5 |  5.0
Earth Magic    | 4 5 |  5.2
Fire Magic     | 5 |  5.0
Conjurations   | 5 |  5.0
Hexes          | 6 |  6.2

Action                   |  1- 3 |  4- 6 |  7- 9 | 10-12 | 13-15 || total
-------------------------+-------+-------+-------+-------+-------++-------
Melee: Flail             |    86 |   206 |   261 |   716 |  1073 ||  2342
Evoke: Wand              |       |       |    95 |    55 |    50 ||   200
  Use: Scroll            |     3 |     6 |    11 |     8 |    18 ||    46
       Potion            |     1 |     2 |     2 |     4 |     8 ||    17
 Stab: Paralysed         |       |       |     8 |    16 |    21 ||    45
       Petrified         |       |       |       |       |    18 ||    18
       Petrifying        |       |       |       |       |     1 ||     1
       Invisible         |       |       |       |       |     2 ||     2
  Eat: Chunk             |       |     3 |     7 |    13 |    15 ||    38
       Ration            |       |     1 |     1 |     2 |     2 ||     6
Armor: Scale mail        |    41 |   104 |       |       |       ||   145
       Chain mail        |       |    25 |   110 |    25 |       ||   160
       Plate armour      |       |       |       |   431 |   450 ||   881
Dodge: Dodged            |    32 |    51 |    55 |   143 |   199 ||   480
       Deflected         |       |       |       |       |     6 ||     6
Block: Shield            |    41 |    98 |   110 |   587 |   837 ||  1673

Table legend:
 A = Spawn XP
 B = Non-spawn XP
 C = Spawn XP percentage of total XP
 D = Spawn monster count
 E = Non-spawn monster count
 F = Spawn count percentage of total count
 G = Total turns spent on level
                    A         B        C        D         E        F      G
               +---------+---------+-------+---------+---------+-------+---------
         Total |       0 |   88833 |   0.0 |       0 |     553 |   0.0 | 18351
               +---------+---------+-------+---------+---------+-------+---------
           D:1 |       0 |      18 |   0.0 |       0 |      12 |   0.0 |   672
           D:2 |       0 |     222 |   0.0 |       0 |      26 |   0.0 |   991
           D:3 |       0 |     103 |   0.0 |       0 |      22 |   0.0 |   888
           D:4 |       0 |     366 |   0.0 |       0 |      20 |   0.0 |   711
           D:5 |       0 |     287 |   0.0 |       0 |      10 |   0.0 |   438
           D:6 |       0 |     820 |   0.0 |       0 |      21 |   0.0 |   987
           D:7 |       0 |    2697 |   0.0 |       0 |      39 |   0.0 |  1268
           D:8 |       0 |    4204 |   0.0 |       0 |      53 |   0.0 |  1554
           D:9 |       0 |    3684 |   0.0 |       0 |      24 |   0.0 |   552
          D:10 |       0 |    4817 |   0.0 |       0 |      33 |   0.0 |   715
          D:11 |       0 |   10297 |   0.0 |       0 |      40 |   0.0 |   919
        Lair:1 |       0 |    3724 |   0.0 |       0 |      24 |   0.0 |  1004
        Lair:2 |       0 |    5230 |   0.0 |       0 |      15 |   0.0 |  1101
        Lair:3 |       0 |    1901 |   0.0 |       0 |       8 |   0.0 |   497
        Lair:4 |       0 |    5143 |   0.0 |       0 |      19 |   0.0 |  1042
        Lair:5 |       0 |    7708 |   0.0 |       0 |      23 |   0.0 |  1031
        Lair:6 |       0 |   24749 |   0.0 |       0 |      75 |   0.0 |  1837
         Orc:1 |       0 |    4924 |   0.0 |       0 |      36 |   0.0 |   636
         Orc:2 |       0 |    7939 |   0.0 |       0 |      53 |   0.0 |  1428
               +---------+---------+-------+---------+---------+-------+---------
